 Dungeon Crawl Stone Soup version 0.21-a0-140-g479285b (webtiles) character file.

56755 grindst0ne the Grappler (level 14, -2/124 HPs)
             Began as a Ghoul Gladiator on July 19, 2017.
             Was the Champion of Cheibriados.
             Slain by a swamp worm (11 damage)
             ... on level 6 of the Lair of Beasts.
             The game lasted 00:34:34 (16743 turns).

grindst0ne the Grappler (Ghoul Gladiator)          Turns: 16743, Time: 00:34:35

Health: -2/124     AC: 22    Str: 38    XL:     14   Next: 83%
Magic:  21/21      EV: 15    Int: 18    God:    Cheibriados [******]
Gold:   1187       SH:  0    Dex: 25    Spells: 13/13 levels left

rFire    . . .     SeeInvis .     - Unarmed
rCold    + + .     Gourm    .   (no shield)
rNeg     + + +     Faith    .   G - +0 plate armour
rPois    ∞         Spirit   .   L - +2 hat
rElec    .         Reflect  .   S - +1 cloak
rCorr    .         Harm     .   e - +0 pair of gloves
MR       +....                  o - +0 pair of boots
Stlth    ..........             (no amulet)
HPRegen  0.00/turn              V - ring of protection from cold
MPRegen  0.17/turn              q - +1 ring of protection

@: rotting, very slow
A: rotting body, claws 1, carnivore 3, cold resistance 1, negative energy
resistance 3, inhibited regeneration, torment resistance, unbreathing
a: Bend Time, Temporal Distortion, Slouch, Step From Time, Renounce Religion


You were on level 6 of the Lair of Beasts.
You worshipped Cheibriados.
Cheibriados was exalted by your worship.
You were not hungry.

You visited 3 branches of the dungeon, and saw 18 of its levels.
You also visited: Sewer.

You collected 1187 gold pieces.

Inventory:

Missiles
 c - 3 throwing nets (quivered)
Armour
 e - a +0 pair of gloves (worn)
 o - a +0 pair of boots (worn)
 G - a +0 plate armour (worn)
 L - a +2 hat (worn)
 S - a +1 cloak (worn)
Jewellery
 n - an uncursed ring of stealth
 q - a +1 ring of protection (right hand)
 V - a ring of protection from cold (left hand)
Wands
 j - a wand of flame (20/48)
 u - a wand of iceblast (0/15)
 w - a wand of iceblast (2/15)
 x - a wand of confusion (0/48)
 y - a wand of disintegration (0/24)
 H - a wand of iceblast (0/15)
 P - a wand of disintegration (5/24)
 Q - a wand of confusion (4/48)
 Y - a wand of lightning (10/15)
Scrolls
 a - 2 scrolls of recharging {unknown}
 f - 2 scrolls of torment
 g - 5 scrolls of enchant weapon
 i - 12 scrolls of remove curse
 k - 3 scrolls of magic mapping {unknown}
 l - 6 scrolls of teleportation
 m - 6 scrolls of enchant armour
 s - 5 scrolls of fear
 t - a scroll of blinking
 A - 4 scrolls of immolation {unknown}
 D - 3 scrolls of brand weapon
 I - a scroll of vulnerability {unknown}
 R - a scroll of holy word {unknown}
 U - 2 scrolls of identify
Potions
 h - a potion of berserk rage
 p - 4 potions of curing
 v - 3 potions of resistance
 z - 2 potions of magic
 B - a potion of flight
 F - a potion of brilliance
 M - a potion of mutation {unknown}
 X - a potion of heal wounds
Books
 b - a book of the Sky

   Spells                             Type                      Level
   a - Summon Lightning Spire         Summoning/Air                4
   b - Silence                        Hexes/Air                    5
   c - Deflect Missiles               Charms/Air                   6
   d - Conjure Ball Lightning         Conjuration/Air              6
   e - Tornado                        Air                          9
 C - a book of Clouds

   Spells                             Type                      Level
   a - Poisonous Vapours              Poison/Air                   2
   b - Mephitic Cloud                 Conjuration/Poison/Air       3
   c - Conjure Flame                  Conjuration/Fire             3
   d - Freezing Cloud                 Conjuration/Ice/Air          6
   e - Ring of Flames                 Charms/Fire                  7
 E - a book of Misfortune

   Spells                             Type                      Level
   a - Confusing Touch                Hexes                        1
   b - Confuse                        Hexes                        3
   c - Gell's Gravitas                Translocation                3
   d - Petrify                        Transmutation/Earth          4
   e - Metabolic Englaciation         Hexes/Ice                    5
   f - Yara's Violent Unravelling     Hexes/Transmutation          5
 J - a Young Poisoner's Handbook

   Spells                             Type                      Level
   a - Sting                          Conjuration/Poison           1
   b - Poisonous Vapours              Poison/Air                   2
   c - Mephitic Cloud                 Conjuration/Poison/Air       3
   d - Olgreb's Toxic Radiance        Poison                       4
   e - Venom Bolt                     Conjuration/Poison           5
 N - a book of Necromancy

   Spells                             Type                      Level
   a - Pain                           Necromancy                   1
   b - Animate Skeleton               Necromancy                   1
   c - Vampiric Draining              Necromancy                   3
   d - Regeneration                   Charms/Necromancy            3
   e - Animate Dead                   Necromancy                   4
   f - Control Undead                 Necromancy                   4
 O - a book of Frost

   Spells                             Type                      Level
   a - Freeze                         Ice                          1
   b - Throw Frost                    Conjuration/Ice              2
   c - Ozocubu's Armour               Charms/Ice                   3
   d - Throw Icicle                   Conjuration/Ice              4
   e - Summon Ice Beast               Ice/Summoning                4
 T - a book of Geomancy

   Spells                             Type                      Level
   a - Sandblast                      Earth                        1
   b - Passwall                       Transmutation/Earth          2
   c - Stone Arrow                    Conjuration/Earth            3
   d - Petrify                        Transmutation/Earth          4
   e - Lee's Rapid Deconstruction     Earth                        5
 W - a book of Transfigurations

   Spells                             Type                      Level
   a - Irradiate                      Conjuration/Transmutation    5
   b - Statue Form                    Transmutation/Earth          6
   c - Hydra Form                     Transmutation                6
   d - Dragon Form                    Transmutation                7
Comestibles
 d - 8 meat rations
 r - 6 royal jellies
 K - 16 chunks of flesh


   Skills:
 - Level 11.3 Fighting
 - Level 1.7 Throwing
 - Level 10.0 Armour
 - Level 7.0 Dodging
 + Level 14.5 Unarmed Combat
 * Level 10.8 Invocations
 * Level 8.0 Evocations


You had 13 spell levels left.
You didn't know any spells.

Dungeon Overview and Level Annotations

Branches:
Dungeon (11/15)            Temple (1/1) D:7            Lair (6/6) D:8
  Swamp (0/4) Lair:2       Spider (0/4) Lair:4        Slime (0/5) Lair:5
    Orc (0/2) D:10

Altars:
Ashenzari
Cheibriados
Dithmenos
Elyvilon
Fedhas
Gozag
Hepliaklqana
Kikubaaqudgha
Makhleb
Nemelex Xobeh
Okawaru
Qazlal
Ru
Sif Muna
Trog
Uskayaw
Vehumet
Wu Jian
Xom
Yredelemnul
Zin
The Shining One
Jiyva

Shops:
D:9 (

Annotations:
D:7 exclusion: downstairs


Innate Abilities, Weirdness & Mutations

Your body is rotting away.
You thrive on raw meat.
You are immune to poison.
You have sharp fingernails.
You are carnivorous and can eat meat at any time.
Your flesh is cold resistant. (rC+)
You are immune to negative energy. (rN+++)
You do not regenerate when monsters are visible.
You are immune to unholy pain and torment.
You can survive without breathing.


Message History

A swamp worm bursts forth from the water.
The swamp worm bites you but does no damage.
The swamp worm misses you. x2; The swamp worm barely misses you.
The swamp worm bites you but does no damage.
The swamp worm closely misses you.
The swamp worm bites you but does no damage.
The swamp worm misses you. The swamp worm barely misses you.
The swamp worm bites you!
* * * LOW HITPOINT WARNING * * *
The swamp worm misses you.
You pummel the swamp worm!!
The swamp worm is almost dead.
The swamp worm barely misses you. The swamp worm misses you.
The swamp worm closely misses you. The swamp worm completely misses you.
The swamp worm closely misses you.
You punch the swamp worm!
You kill the swamp worm!
Cheibriados thoroughly appreciates the change of pace.
The swamp worm bites you!
You die...

#...##.P.............##
###..####...<..........#
#....#.#........P....###
##.......#...%.P...###
###.≈≈≈≈≈≈≈.....P.###
##≈≈≈≈≈≈≈≈≈≈≈≈...###
#≈≈≈≈#######≈≈≈..P...
#≈≈≈P#≈≈≈ww##≈≈.#PP..
#≈≈≈≈≈≈≈≈w@$#≈≈..#P...
#.≈%P#≈≈≈ww##≈≈......#
#.≈≈≈#######≈≈≈...P###
#..≈≈≈≈≈≈≈≈ ≈≈....[#
##†#÷#≈≈≈≈≈≈ .......
##....†.P..≈.
#............
#..#.##.....) #...###
≈≈≈...


You could see 5 swamp worms.

Vanquished Creatures
  Gastronok (Lair:1)
  The ghost of Gorglomux the Markscentaur, a journeyman CeWn of Okawaru (Lair:2)
  2 hydras
  A two-headed ogre (D:8)
  A wolf spider (Lair:6)
  An oklob plant (Lair:4)
  10 black mambas
  Psyche (D:9)
  A guardian serpent (Lair:6)
  3 torpor snails (Lair:3)
  16 spiny frogs
  2 rime drakes
  7 komodo dragons
  A troll (D:10)
  2 jumping spiders (Lair:4)
  Grinder (D:3)
  5 hornets
  5 dream sheep (Lair:5)
  23 blink frogs
  A slime creature (D:5)
  5 hippogriffs
  3 redbacks
  8 wyverns
  A spriggan (Lair:4)
  A shadow (D:10)
  16 yaks
  4 basilisks
  2 steam dragons (D:6)
  A swamp worm (Lair:6)
  23 water moccasins
  Duvessa (D:4)
  15 porcupines
  3 orc warriors (D:10)
  A necrophage (D:7)
  A sky beast (D:5)
  An ice beast (D:8)
  A black bear (Lair:4)
  Purgy (Sewer)
  A phantom (D:6)
  2 ogres
  2 centaurs
  11 wolves
  12 crocodiles
  8 big kobolds
  12 bullfrogs
  Dowan (D:4)
  A scorpion (D:4)
  A wyvern skeleton (D:7)
  20 killer bees
  4 wights (D:8)
  An electric eel (Lair:3)
  5 howler monkeys
  A centaur zombie (D:11)
  7 crimson imps
  3 jellies
  4 bullfrog zombies
  4 orc priests
  8 hounds
  A centaur skeleton (D:5)
  9 orc wizards
  A worker ant (D:4)
  Jessica (D:2)
  7 iguanas
  Terence (D:2)
  A killer bee zombie (D:9)
  A hound skeleton (D:7)
  2 worker ant zombies (D:7)
  6 adders
  A shadow imp (D:9)
  7 oozes
  14 worms
  A dart slug (D:3)
  4 leopard geckos
  46 orcs
  7 bats
  10 giant cockroaches
  4 goblins
  5 hobgoblins (D:2)
  13 jackals
  27 kobolds
  5 quokkas
  5 ball pythons
  4 frilled lizards
  A jackal zombie (D:4)
  A quokka zombie (D:8)
  4 rats
470 creatures vanquished.

Vanquished Creatures (others)
  14 fungi
  10 plants
  7 toadstools (D:5)
31 creatures vanquished.

Grand Total: 501 creatures vanquished

Notes
Turn   | Place    | Note
-------+----------+-------------------------------------------
     0 | D:1      | grindst0ne the Ghoul Gladiator began the quest for the Orb.
     0 | D:1      | Reached XP level 1. HP: 17/17 MP: 0/0
   455 | D:1      | Reached XP level 2. HP: 15/25 MP: 1/1
  1110 | D:2      | Reached XP level 3. HP: 25/31 MP: 2/2
  1215 | D:2      | Noticed Jessica
  1234 | D:2      | Killed Jessica
  1234 | D:2      | Reached skill level 4 in Unarmed Combat
  1424 | D:2      | Noticed Terence
  1446 | D:2      | Killed Terence
  1446 | D:2      | Reached XP level 4. HP: 17/39 MP: 3/3
  1843 | D:3      | Found a shadowy altar of Dithmenos.
  1938 | D:3      | Noticed Grinder
  1957 | D:3      | Paralysed by Grinder for 2 turns
  1974 | D:3      | Paralysed by Grinder for 7 turns
  2001 | D:3      | Killed Grinder
  2001 | D:3      | Reached skill level 5 in Fighting
  2001 | D:3      | Reached skill level 5 in Unarmed Combat
  2001 | D:3      | Reached XP level 5. HP: 3/47 MP: 4/4
  2001 | D:3      | Reached XP level 6. HP: 3/55 MP: 5/5
  2367 | D:3      | Found a burning altar of Makhleb.
  2622 | D:4      | Noticed Dowan
  2626 | D:4      | Noticed Duvessa
  2650 | D:4      | Killed Duvessa
  2650 | D:4      | Reached skill level 6 in Unarmed Combat
  2650 | D:4      | Reached XP level 7. HP: 59/62 MP: 6/6
  2658 | D:4      | Killed Dowan
  2699 | D:4      | Found a sacrificial altar of Ru.
  2851 | D:4      | Found a glowing drain.
  2882 | Sewer    | Entered a sewer
  2973 | Sewer    | Noticed Purgy
  2996 | Sewer    | Killed Purgy
  3194 | D:4      | Reached skill level 7 in Unarmed Combat
  3794 | D:5      | Entered Level 5 of the Dungeon
  3880 | D:5      | Found a bloodstained altar of Trog.
  3887 | D:5      | Found a stormy altar of Qazlal.
  4136 | D:5      | Found a deep blue altar of Sif Muna.
  4345 | D:5      | Reached XP level 8. HP: 64/73 MP: 7/7
  4416 | D:5      | Reached skill level 8 in Unarmed Combat
  4424 | D:5      | Noticed a slime creature
  4502 | D:5      | Killed a slime creature
  4733 | D:5      | Found an ornate altar of the Wu Jian Council.
  4746 | D:5      | Found a shattered altar of Ashenzari.
  4895 | D:6      | Noticed a hippogriff
  4901 | D:6      | Killed a hippogriff
  4901 | D:6      | Reached skill level 9 in Unarmed Combat
  4912 | D:6      | Reached XP level 9. HP: 80/82 MP: 8/8
  5048 | D:6      | HP: 3/83 [steam dragon/ball of steam (15)]
  5659 | D:7      | Reached skill level 10 in Unarmed Combat
  5794 | D:7      | Reached skill level 10 in Fighting
  5834 | D:7      | Found a glowing golden altar of the Shining One.
  5839 | D:7      | Found a basalt altar of Yredelemnul.
  6298 | D:7      | Found a staircase to the Ecumenical Temple.
  6661 | D:7      | Noticed an angel
  6883 | D:8      | Reached skill level 11 in Unarmed Combat
  6886 | D:8      | Reached XP level 10. HP: 78/94 MP: 9/9
  7076 | Temple   | Entered the Ecumenical Temple
  7387 | Temple   | Became a worshipper of Cheibriados the Contemplative
  7465 | D:7      | Reached skill level 1 in Armour
  7780 | D:8      | Found a staircase to the Lair.
  7862 | D:8      | Reached * piety under Cheibriados
  8042 | D:8      | Noticed a two-headed ogre
  8141 | D:8      | Killed a two-headed ogre
  8282 | D:9      | Noticed Psyche
  8293 | D:9      | Killed Psyche
  8352 | D:9      | Reached ** piety under Cheibriados
  8433 | D:9      | Found Padop's Weapon Emporium.
  8447 | D:9      | Reached skill level 12 in Unarmed Combat
  8626 | D:9      | Found an ancient bone altar of Kikubaaqudgha.
  9328 | D:10     | Entered Level 10 of the Dungeon
  9340 | D:10     | Reached XP level 11. HP: 94/102 MP: 10/10
  9457 | D:10     | Reached skill level 5 in Armour
  9488 | D:10     | Found a staircase to the Orcish Mines.
  9577 | D:10     | Reached *** piety under Cheibriados
  9933 | D:10     | Reached skill level 5 in Dodging
 10184 | D:10     | Reached **** piety under Cheibriados
 10510 | D:11     | Noticed a green ugly thing
 10743 | D:11     | Noticed a skeletal warrior
 10746 | D:11     | Noticed a skeletal warrior
 10746 | D:11     | Noticed a skeletal warrior
 10750 | D:11     | Noticed a cyclops
 10855 | Lair:1   | Entered Level 1 of the Lair of Beasts
 11240 | Lair:1   | Noticed Gastronok
 11259 | Lair:1   | Killed Gastronok
 11259 | Lair:1   | Reached skill level 13 in Unarmed Combat
 11259 | Lair:1   | Reached XP level 12. HP: 67/110 MP: 7/11
 11401 | Lair:1   | Noticed a four-headed hydra
 11407 | Lair:1   | Killed a four-headed hydra
 12162 | Lair:2   | Noticed Gorglomux's ghost (journeyman CeWn)
 12179 | Lair:2   | Killed Gorglomux's ghost
 12290 | Lair:2   | Reached ***** piety under Cheibriados
 12687 | Lair:2   | Reached skill level 1 in Invocations
 13169 | Lair:2   | Found a staircase to the Swamp.
 13465 | Lair:3   | Found a snail-covered altar of Cheibriados.
 13552 | Lair:3   | Found a basalt altar of Yredelemnul.
 13582 | Lair:3   | Noticed an eight-headed hydra
 13738 | Lair:3   | Reached skill level 1 in Evocations
 13795 | Lair:3   | Killed an eight-headed hydra
 13795 | Lair:3   | Reached skill level 10 in Armour
 13795 | Lair:3   | Reached XP level 13. HP: 113/116 MP: 15/15
 13815 | Lair:3   | Reached XP level 14. HP: 124/124 MP: 15/18
 13825 | Lair:3   | Reached skill level 5 in Evocations
 14755 | Lair:4   | Reached skill level 14 in Unarmed Combat
 14885 | Lair:4   | Found a hole to the Spider Nest.
 14904 | Lair:4   | Reached ****** piety under Cheibriados
 15634 | Lair:5   | Found a viscous altar of Jiyva.
 15634 | Lair:5   | Found a staircase to the Slime Pits.
 16112 | Lair:6   | Entered Level 6 of the Lair of Beasts
 16133 | Lair:6   | Got a warped golden ring
 16135 | Lair:6   | Identified the ring of the Priest {rCorr -Tele +Inv rPois rN+++} (You found it on level 6 of the Lair of Beasts)
 16346 | Lair:6   | Reached skill level 10 in Invocations
 16743 | Lair:6   | Slain by a swamp worm

Vault maps used:
D:1:      lightli_arrival_noodles
D:2:      uniq_jessica, uniq_terence
D:3:      grunt_dithmenos_smoke_and_mirrors, makhleb_grotto_becter, uniq_grinder
D:4:      kb_forest_paths, first_bread, portal_sewer_entry_b,
          nicolae_ru_awakened_eye, uniq_duvessa
D:5:      cheibrodos_fertilizer, lemuel_round_altar,
          nicolae_overflow_quartered_altars
D:6:      cheibrodos_steamvent, minmay_misc_feat_roman
D:7:      grunt_temple_overflow_holy_war, minmay_temple_entry_from_below_a
D:8:      lair_entry_dummy, special_room
D:9:      lemuel_doored_altar, serial_shops, shop, uniq_psyche
D:10:     orc_0_dummy
Temple:   minmay_temple_forest_path
Lair:1:   serial_bayou_crossing, serial_bayou_shore_b, lemuel_fruit_tree,
          uniq_gastronok
Lair:2:   minmay_swamp_entry_worms, lemuel_fruit_fields, lemuel_fruit_fields,
          serial_bayou_shore_b
Lair:3:   basic_altar, nicolae_quartered_pool_little, kennysheep_snail_temple
Lair:4:   spider_nest_entry_a, grunt_forest_large_clearing_hut,
          lemuel_fruit_fields
Lair:5:   slime_altar_1
Lair:6:   hangedman_lair_tendril_chambers, special_room, st_stairs_8,
          worms_lemuel, infiniplex_staircase_pool
Sewer:    kennysheep_door_sewer

Skill      XL: |  1  2  3  4  5  6  7  8  9 10 11 12 13 14 |
---------------+-------------------------------------------+-----
Fighting       | 3 5 7 8 10 11 | 11.3
Unarmed Combat | 4 5 6 7 9 11 12 13 14 | 14.5
Armour         | 4 7 10 | 10.0
Dodging        | 4 6 7 |  7.0
Invocations    | 4 7 10 | 10.8
Evocations     | 1 4 8 |  8.0
Throwing       | |  1.7

Action                   |  1- 3 |  4- 6 |  7- 9 | 10-12 | 13-15 || total
-------------------------+-------+-------+-------+-------+-------++-------
Melee: Unarmed           |    81 |   105 |   486 |   720 |   399 ||  1791
       Punch             |     3 |     4 |     8 |    60 |    36 ||   111
Invok: Bend Time         |       |       |       |     1 |       ||     1
       Temporal Distorti |       |       |       |     1 |       ||     1
       Slouch            |       |       |       |       |     1 ||     1
Evoke: Wand              |       |       |     2 |     9 |     3 ||    14
  Use: Potion            |       |     5 |     5 |     5 |     1 ||    16
       Scroll            |       |       |       |    16 |     1 ||    17
  Eat: Chunk             |     8 |     6 |    45 |    59 |    29 ||   147
Armor: Leather armour    |    23 |       |       |       |       ||    23
       Chain mail        |       |    46 |   332 |   182 |       ||   560
       Plate armour      |       |       |       |   318 |   251 ||   569
Dodge: Dodged            |    51 |    28 |   212 |   481 |   343 ||  1115
